 Dungeon Crawl Stone Soup version 0.29-a0-721-g7f417c9bbb (webtiles) character file.

Game seed: 5859784186360651061

144 zeratav the Shooter (level 5, -2/25 HPs)
             Began as a Spriggan Arcane Marksman on June 27, 2022.
             Slain by Grinder (6 damage)
             ... on level 4 of the Dungeon.
             The game lasted 00:04:14 (3438 turns).

zeratav the Shooter (Spriggan Arcane Marksman)      Turns: 3438, Time: 00:04:15

Health: -2/25      AC:  3    Str:  6    XL:     5   Next: 5%
Magic:  7/8        EV: 17    Int: 15    God:
Gold:   224        SH:  0    Dex: 17    Spells: 5/6 levels left

rFire   . . .      SeeInvis +   a - +0 sling
rCold   . . .      Faith    .   (no shield)
rNeg    . . .      Spirit   .   c - +0 robe
rPois   .          Reflect  .   (helmet restricted)
rElec   .          Harm     .   m - +0 cloak
rCorr   .          Rampage  .   (gloves unavailable)
Will    .....                   (boots unavailable)
Stlth   ++........              (no amulet)
HPRegen 0.08/turn               (no ring)
MPRegen 0.11/turn               (no ring)

@: very quick
A: very small, no large weapons, unfitting armour, see invisible, speed 3
a: no special abilities


You were on level 4 of the Dungeon.
You visited 1 branch of the dungeon, and saw 4 of its levels.

You collected 224 gold pieces.


Innate Abilities, Weirdness & Mutations

You are very small and have problems with some larger weapons.
You are too small for most types of armour.
You have supernaturally acute eyesight. (SInv)
You cover ground extremely quickly. (Speed+++)


   Skills:
 - Level 0.7 Fighting
 + Level 6.4 Ranged Weapons
 - Level 2.6 Dodging
 - Level 1.3 Spellcasting
 - Level 3.6 Hexes


You had 5 spell levels left.
You knew the following spells:

 Your Spells              Type           Power      Damage    Failure   Level
a - Slow                  Hex            44%        N/A       5%          1

Your spell library contained the following spells:

 Spells                   Type           Power      Damage    Failure   Level
 Inner Flame              Hex/Fire       6%         N/A       34%         3
 Portal Projectile        Hex/Tloc       12%        N/A       34%         3
 Cause Fear               Hex            5%         N/A       47%         4

Inventory:

Hand Weapons
 a - a +0 sling (weapon)
Armour
 c - a +0 robe (worn)
 m - a +0 cloak (worn)
   (You found it on level 2 of the Dungeon)
Jewellery
 o - a ring of fire
   (You found it on level 2 of the Dungeon)
Scrolls
 b - a scroll of vulnerability {!r!r}
 e - a scroll of teleportation {unknown}
 f - 2 scrolls of fear {unknown}
 h - 3 scrolls of enchant armour {unknown}
 i - 4 scrolls of identify {unknown}
 l - a scroll of enchant weapon {unknown}
 n - 2 scrolls of immolation {unknown}
 r - a scroll of fog {unknown}
 s - a scroll of noise {unknown}
 t - a scroll of magic mapping {unknown}
 u - a scroll of poison {unknown}
Potions
 d - 2 potions of might {unknown}
 g - a potion of invisibility {unknown}
 j - 2 potions of lignification {unknown}
 k - 2 potions of brilliance {unknown}
 p - 2 potions of curing {@q1}
 q - a potion of haste {unknown}
 v - a potion of heal wounds {unknown}

Dungeon Overview and Level Annotations

Branches:
Dungeon (4/15) Zot: 21173
 Temple: D:4-7

Altars:

Annotations:
D:4 Grinder

#...5.#....#.....
#(...##....#.....
#................
##.5##.....รท......
#...#..........)..
##.[...#..#.......
##.......#.......
#####..............
###.@###5......##.#..
#....5.#.##.#..#..#..
##.............#..##.
........##...........
.
.......#..##........
.....###..##..#.....
.##.. #.###..#.....
#.. #.. ..## ...# ..
#.. ..# ..#


You could see Grinder (slow).


Message History

You start resting.
HP[+11]
Your hp is fully restored (25).
You climb downwards.
Level annotation: Grinder
There is a stone staircase leading up here.
You shoot a sling bullet.
The sling bullet closely misses Grinder.
No target in view!
You shoot a sling bullet. The sling bullet barely misses Grinder.
Grinder gestures at you. You resist with some effort.
You shoot a sling bullet.
The sling bullet hits Grinder but does no damage.
Grinder blinks!
No target in view!
No target in view!
No target in view!
Unknown command.
You shoot a sling bullet.
The sling bullet hits Grinder but does no damage.
Grinder gestures at you. Pain shoots through your body!
HP[-5]
You take 5 damage, and now have 20/25 hp.
You shoot a sling bullet.
The sling bullet hits Grinder but does no damage.
You shoot a sling bullet.
The sling bullet completely misses Grinder.
Grinder gestures at you. Pain shoots through your body!
HP[-3]
You take 3 damage, and now have 17/25 hp.
You shoot a sling bullet. The sling bullet hits Grinder.
HP[+1]
You shoot a sling bullet.
The sling bullet closely misses Grinder.
You shoot a sling bullet.
The sling bullet hits Grinder but does no damage.
You shoot a sling bullet. The sling bullet hits Grinder.
Grinder hits you.
HP[-5]
You take 5 damage, and now have 13/25 hp.
You shoot a sling bullet. The sling bullet barely misses Grinder.
Grinder hits you!
* * * LOW HITPOINT WARNING * * *
HP[-8]
You take 8 damage, and now have 5/25 hp.
MASSIVE DAMAGE!! (PAUSE)
You are too injured to fight recklessly!
Casting: Slow (safe; 5% risk of failure)
Confirm with . or Enter, or press ? or * to list all spells.
Aiming: Slow (safe; 5% risk of failure)
Press: ? - help, Shift-Dir - straight line, f/p - Grinder
Aim: Grinder (moderately wounded, chance to affect: 50%) Grinder seems to slow down.
Grinder barely misses you.
MP[-1]
You lost 1 mp, and now have 7/8 mp.
You are too injured to fight recklessly!
You are too injured to fight recklessly!
Fire: a) +0 sling
Press: ? - help, Q - select action, (/) - cycle Shift-Dir - straight line, f/p - Grinder
Aim: Grinder (moderately wounded, slow, 57% to hit)
You shoot a sling bullet. The sling bullet barely misses Grinder.
Fire: a) +0 sling
Press: ? - help, Q - select action, (/) - cycle Shift-Dir - straight line, f/p - Grinder
Aim: Grinder (moderately wounded, slow, 57% to hit)
You shoot a sling bullet.
The sling bullet closely misses Grinder.
Grinder gestures at you. You resist with significant effort.
Fire: a) +0 sling
Press: ? - help, Q - select action, (/) - cycle Shift-Dir - straight line, f/p - Grinder
Aim: Grinder (moderately wounded, slow, 57% to hit)
You shoot a sling bullet.
The sling bullet hits Grinder but does no damage.
Grinder completely misses you.
Fire: a) +0 sling
Press: ? - help, Q - select action, (/) - cycle Shift-Dir - straight line, f/p - Grinder
Aim: Grinder (moderately wounded, slow, 57% to hit)
You shoot a sling bullet.
The sling bullet closely misses Grinder.
Grinder closely misses you.
Fire: a) +0 sling
Press: ? - help, Q - select action, (/) - cycle Shift-Dir - straight line, f/p - Grinder
Aim: Grinder (moderately wounded, slow, 57% to hit)
You shoot a sling bullet. The sling bullet hits Grinder.
Fire: a) +0 sling
Press: ? - help, Q - select action, (/) - cycle Shift-Dir - straight line, f/p - Grinder
Aim: Grinder (heavily wounded, slow, 57% to hit)
You shoot a sling bullet. The sling bullet barely misses Grinder.
Grinder misses you.
HP[+1] Fire: a) +0 sling
Press: ? - help, Q - select action, (/) - cycle Shift-Dir - straight line, f/p - Grinder
Aim: Grinder (heavily wounded, slow, 57% to hit)
You shoot a sling bullet. The sling bullet hits Grinder.
Grinder hits you.
* * * LOW HITPOINT WARNING * * *
You writhe in agony.
You die...

Skill      XL: |  1  2  3  4 |
---------------+-------------+-----
Ranged Weapons | 3 4 5 6 |  6.4
Fighting       | |  0.7
Dodging        | |  2.6
Spellcasting   | |  1.3
Hexes          | |  3.6

Action                   |  1- 3 |  4- 6 || total
-------------------------+-------+-------++-------
 Fire: Sling             |   179 |   127 ||   306
 Cast: Slow              |     3 |     7 ||    10
Armor: Robe              |    11 |     5 ||    16
Dodge: Dodged            |    81 |    24 ||   105

Levels and vault maps discovered:
D:1:      mrwooster_arrival_statue_3, layout_basic, minmay_misc_feat_plants
D:2:      layout_loops_ring
D:3:      layout_basic, minmay_distorted
D:4:      layout_cave_pools, minmay_overflow_temple_star_quad, uniq_grinder

Notes
Turn   | Place    | Note
-------+----------+-------------------------------------------
     0 | D:1      | zeratav the Spriggan Arcane Marksman began the quest for
                  | the Orb.
     0 | D:1      | Reached XP level 1. HP: 9/9 MP: 3/3
     0 | D:1      | magus.rc [v1.9.6]
    26 | D:1      | Reached skill level 3 in Ranged Weapons
    49 | D:1      | Reached XP level 2. HP: 8/14 MP: 5/5
   403 | D:1      | Reached skill level 4 in Ranged Weapons
   425 | D:1      | You fall into a shaft and drop 1 floor!
   580 | D:1      | Reached XP level 3. HP: 17/17 MP: 6/6
  1421 | D:2      | Reached skill level 5 in Ranged Weapons
  1849 | D:3      | Reached XP level 4. HP: 21/21 MP: 7/7
  2718 | D:4      | Reached skill level 6 in Ranged Weapons
  2736 | D:4      | Reached XP level 5. HP: 18/25 MP: 8/8
  2958 | D:4      | Noticed Grinder
  2997 | D:4      | Paralysed by Grinder for 4 turns
  3005 | D:4      | Paralysed by Grinder for 4 turns
  3024 | D:4      | HP: 5/25 [Grinder/nerve-wracking pain (11)]
  3430 | D:4      | HP: 5/25 [Grinder (8)]
  3438 | D:4      | HP: 4/25 [Grinder (2)]
  3438 | D:4      | Slain by Grinder

Vanquished Creatures
  An orc priest (D:4)
  An orc wizard (D:4)
  An adder (D:2)
  2 worms (D:3)
  2 dart slugs
  2 orcs (D:3)
  8 bats
  8 endoplasms
  2 giant cockroaches
  7 goblins
  6 hobgoblins
  9 kobolds
  3 quokkas (D:1)
  7 ball pythons
  3 frilled lizards
  9 rats
71 creatures vanquished.

Table legend:
 A = Non-vault XP
 B = Vault XP
 C = Vault XP percentage of total XP
 D = Non-vault monster count
 E = Vault monster count
 F = Vault count percentage of total count
                 A         B        C        D         E       F
            +---------+---------+-------+---------+---------+-------
      Total |     204 |       3 |   1.4 |      69 |       2 |   2.8
            +---------+---------+-------+---------+---------+-------
        D:1 |      50 |       0 |   0.0 |      30 |       0 |   0.0
        D:2 |      28 |       0 |   0.0 |      11 |       0 |   0.0
        D:3 |      45 |       3 |   6.2 |      22 |       2 |   8.3
        D:4 |      81 |       0 |   0.0 |       6 |       0 |   0.0
            +---------+---------+-------+---------+---------+-------

Illustrated notes

Table legend:
 A = Kills in this place as a percentage of kills in entire the game.
 B = Kills by you in this place as a percentage of kills by you in the entire game.
 C = Kills by friends in this place as a percentage of kills by friends in the entire game.
 D = Other kills in this place as a percentage of other kills in the entire game.
 E = Experience gained in this place as a percentage of experience gained in the entire game.
 F = Experience gained in this place divided by the number of levels of this place that you have seen.
                   A       B       C       D       E      F
               +-------+-------+-------+-------+-------+----------------------
         Total | 100.0 | 100.0 |   N/A |   N/A | 100.0 |  51.8
       Dungeon | 100.0 | 100.0 |   N/A |   N/A | 100.0 |  51.8
               +-------+-------+-------+-------+-------+----------------------

Table legend: (Time is in decaauts)
 A = Elapsed time spent in this place.
 B = Non-inter-level travel time spent in this place.
 C = Inter-level travel time spent in this place.
 D = Time resting spent in this place.
 E = Time spent auto-exploring this place.
 F = Levels seen in this place.
 G = Mean time per level.
                   A        B        C        D        E       F      G
               +--------+--------+--------+--------+--------+-----+--------+
         Total |   2825 |   2768 |     57 |    882 |   1353 |   4 |  706.2 |
       Dungeon |   2825 |   2768 |     57 |    882 |   1353 |   4 |  706.2 |
               +--------+--------+--------+--------+--------+-----+--------+

Top non-repeatable levels by time:
     D:3: 1264 daAuts
     D:1: 672 daAuts
     D:2: 537 daAuts
     D:4: 351 daAuts
